 Dungeon Crawl Stone Soup version 0.17-a0-1850-g688e747 (webtiles) character file.

37196 HiobMontag the Blocker (level 14, -41/95 HPs)
             Began as a Halfling Fighter on Sept 19, 2015.
             Was the Champion of Qazlal.
             Killed from afar by a deep elf annihilator (53 damage)
             ... with an iron shot
             ... on level 1 of the Elven Halls.
             The game lasted 02:59:54 (21973 turns).

HiobMontag the Blocker (Halfling Fighter)          Turns: 21973, Time: 02:59:54

Health: -41/95     AC: 30    Str: 22    XL:     14   Next: 27%
Magic:  18/18      EV: 13    Int: 10    God:    Qazlal [******]
Gold:   1790       SH: 25    Dex: 15    Spells: 2 memorised, 15 levels left

rFire  + . .     SeeInvis .     x - +3 short sword (speed)
rCold  x . .     Clarity  .     a - +8 plate armour "Nilo" {rCorr Str+3 Int+2}
rNeg   + . .     SustAt   .     c - +2 shield
rPois  .         Gourm    .     G - +2 helmet
rElec  .         Spirit   .     k - +2 cloak
rCorr  +         Warding  +     (no gloves)
rMut   .         Stasis   .     w - +0 pair of boots
MR     +....                    B - amulet of warding
Stlth  ..........               (no ring)
                                y - ring of fire

@: lethally poisoned (-41 -> -43), repel missiles, somewhat resistant to hostile
enchantments, extremely unstealthy
A: mutation resistance 1, regeneration 1
a: Upheaval, Elemental Force, Disaster Area, Renounce Religion


You were on level 1 of the Elven Halls.
You worshipped Qazlal.
Qazlal was exalted by your worship.
You were hungry.

You visited 3 branches of the dungeon, and saw 17 of its levels.
You also visited: Labyrinth and Ossuary.

You collected 1790 gold pieces.

Inventory:

Hand weapons
 j - a +2 short sword of venom
 p - a +1 long sword
 x - a +3 short sword of speed (weapon)
Missiles
 J - 3 poisoned tomahawks
 M - 12 tomahawks (quivered)
Armour
 a - the +8 plate armour "Nilo" (worn) {rCorr Str+3 Int+2}
   (You took it off a minotaur in a labyrinth)

   It affects your strength (+3).
   It affects your intelligence (+2).
   It protects you from acid and corrosion.
 c - a +2 shield (worn)
 k - a +2 cloak (worn)
 w - a +0 pair of boots (worn)
 z - a cursed +0 chain mail
 G - a +2 helmet (worn)
 L - the +0 pair of boots of Satisfaction {+Blink rF+ Slay-4 Stlth+, unknown}
   (You found it on level 1 of the Elven Halls)

   It affects your accuracy and damage with ranged weapons and melee attacks
   (-4).
   It protects you from fire.
   It lets you blink.
   It makes you more stealthy.
Magical staves
 H - an uncursed staff of air {unknown}
Rods
 d - a +2 rod of the swarm (10/10)
   (You took it off a minotaur in a labyrinth)
Jewellery
 o - an uncursed ring of ice {unknown}
 q - an uncursed ring of teleportation
 r - a cursed -2 ring of protection {unknown}
 y - a ring of fire (left hand)
 B - an amulet of warding (around neck)
 Y - the ring of Suetomm {-Tele +Fly rPois rF+ Str+9, unknown}
   (You found it in a labyrinth)

   [ring of protection from fire]

   It affects your strength (+9).
   It protects you from fire.
   It protects you from poison.
   It lets you fly.
   It prevents most forms of teleportation.
Magical devices
 b - a wand of heal wounds (4)
 f - a wand of fireball (5)
 g - a wand of flame (32)
 l - a wand of confusion (29)
 n - a wand of fire (10)
 t - a wand of enslavement (16)
 u - a wand of draining (12)
 A - a wand of flame (6)
 C - a wand of draining (12)
 I - a wand of cold (11)
 P - a wand of fireball (7)
 S - a wand of digging (11)
 T - a wand of polymorph (6)
Scrolls
 i - 2 scrolls of teleportation
 m - 5 scrolls of remove curse
 s - 2 scrolls of amnesia
 F - 2 scrolls of silence
 K - 2 scrolls of enchant weapon
Potions
 D - a potion of haste
 R - 3 potions of mutation {unknown}
Books
 E - a book of Spatial Translocations

   Spells                             Type                      Level
   a - Apportation                    Translocation                1
   b - Blink                          Translocation                2
   c - Shroud of Golubria             Charms/Translocation         2
   d - Portal Projectile              Translocation                3
   e - Teleport Other                 Translocation                3
   f - Passage of Golubria            Translocation                4
Miscellaneous
 h - a fan of gales
 v - a stone of tremors (inert)
 X - a disc of storms
Comestibles
 e - 8 bread rations
 Q - 6 meat rations
 U - 29 fruits
 V - a beef jerky


   Skills:
 + Level 8.8 Fighting
 + Level 13.0(13.3) Short Blades
 + Level 3.2(7.4) Long Blades
 + Level 3.2 Throwing
 + Level 9.3 Armour
 + Level 9.1 Dodging
 + Level 3.0 Stealth
 + Level 14.8 Shields
 + Level 2.9 Spellcasting
 + Level 3.2 Translocations
 + Level 2.4 Evocations


You had 15 spell levels left.
You knew the following spells:

 Your Spells              Type           Power        Failure   Level  Hunger
a - Apportation           Tloc           #.........   99%         1    ##.....
b - Blink                 Tloc           N/A          100%        2    ###....


Dungeon Overview and Level Annotations

Branches:
Dungeon (12/15)            Temple (0/1) D:7            Lair (0/8) D:8
    Orc (4/4) D:12            Elf (1/3) Orc:3

Altars:
Ashenzari
Cheibriados
Kikubaaqudgha
Makhleb
Nemelex Xobeh
Qazlal
Ru
Vehumet
Xom
Yredelemnul

Shops:
D:11 [   Orc:4 [%=[

Annotations:
D:7 4 runed doors
D:9 exclusions: ice statue and obsidian statue
D:10 ghost!


Innate Abilities, Weirdness & Mutations

You are small and have problems with some larger weapons.
You are somewhat resistant to further mutation.
Your natural rate of healing is unusually fast.


Message History

The deep elf annihilator casts a spell.
The deep elf annihilator blinks!
The deep elf annihilator casts a spell at you.
The poison arrow hits you!
You are poisoned.
* * * LOW HITPOINT WARNING * * *
You feel sick.
You feel sick.
You feel sick.
The deep elf annihilator gestures wildly while chanting.
The deep elf annihilator blinks!
You feel sick.
You feel sick.
You feel sick.
The deep elf annihilator points at you and mumbles some strange words.
The crystal spear is repelled.
The deep elf annihilator gestures at you while chanting.
The iron shot hits you!
Ouch! That really hurt!
You die...

#............#
#.#.8....)8).#
#.#....(((...#
#.#.))..8((..#
#...[.).)<...#
###.....8....#
#....)[)...#
###.8[..[)8..#
#.@§.........#
##.#..........#
##§.##........## #
##§..##..8.....#
#.#.e..###......##
##....§.##########
.......§..§.....#
###[##.........##
#. ##....§..##


You could see a deep elf annihilator.

Vanquished Creatures
  An orc warlord (Orc:3)
  A stone giant (Orc:3)
  2 deep elf death magi (Elf:1)
  A minotaur (Lab)
  Erolcha (Orc:3)
  The ghost of Banto the Spear-Bearer, a powerful DsGl of Okawaru (Lab)
  Erica (D:8)
  The ghost of Zigma the Grappler, an experienced DrMo (D:10)
  A small abomination (Elf:1)
  A large abomination (Elf:1)
  The ghost of Melk the Nimble, an experienced KoBe of Trog (D:7)
  3 deep elf knights (Elf:1)
  A deep elf summoner (Elf:1)
  2 hill giants (D:11)
  3 orc knights (Orc:4)
  A deep elf conjurer (Elf:1)
  3 cyclopes
  Maurice (Orc:3)
  Psyche (D:9)
  8 trolls
  2 deep elf priests
  8 two-headed ogres
  A tengu conjurer (D:11)
  Prince Ribbit (D:9)
  8 deep elf magi
  A trapdoor spider (D:11)
  7 deep elf fighters (Elf:1)
  8 yaks
  2 hippogriffs
  Eustachio (D:6)
  4 hungry ghosts
  7 vampire mosquitoes
  Menkaure (D:6)
  A steam dragon (D:11)
  4 water moccasins
  28 orc warriors
  A phantom (D:12)
  3 ice beasts
  6 sky beasts
  18 centaurs
  3 black bears
  2 necrophages
  19 ogres
  A crocodile (D:11)
  2 elf zombies (Ossuary)
  A gnoll sergeant (D:11)
  A big kobold (D:9)
  8 giant frogs
  A wyvern skeleton (D:11)
  4 scorpions
  3 wights (D:10)
  5 killer bees (D:12)
  The ghost of Sagrath01 the Twirler, a weakling DsGl of Yredelemnul (D:3)
  5 crimson imps
  4 lava snakes (Lab)
  5 jellies
  6 centaur skeletons
  2 centaur zombies
  A two-headed ogre zombie (Orc:3)
  2 human zombies (Ossuary)
  16 orc priests
  4 iguanas
  A giant frog skeleton (D:7)
  5 hounds
  5 worker ants
  Terence (D:3)
  17 orc wizards
  3 sheep (D:12)
  A big kobold zombie (Ossuary)
  A hound zombie (D:4)
  A hound skeleton (D:5)
  2 mummies (Ossuary)
  4 worker ant zombies
  16 adders
  6 gnolls (D:9)
  A shadow imp (D:10)
  4 oozes
  5 adder skeletons
  4 adder zombies
  3 worms
  6 giant geckos
  117 orcs
  4 giant cockroaches
  2 hobgoblins
  12 jackals
  8 quokkas
  2 ball pythons
  6 bats
  5 giant newts
  5 goblins
  A goblin zombie (Ossuary)
  5 hobgoblin zombies (Ossuary)
  A jackal zombie (Ossuary)
  9 kobolds
  11 kobold zombies (Ossuary)
  10 orc zombies (Ossuary)
  A quokka zombie (D:8)
  8 rats
  2 rat zombies
  2 plants (D:11)
540 creatures vanquished.

Vanquished Creatures (collateral kills)
  An orc (Orc:4)
1 creature vanquished.

Vanquished Creatures (others)
  A deep elf fighter (Elf:1)
  An orc wizard (Orc:4)
2 creatures vanquished.

Grand Total: 543 creatures vanquished

Notes
Turn   | Place    | Note
--------------------------------------------------------------
     0 | D:1      | HiobMontag the Halfling Fighter began the quest for the Orb.
     0 | D:1      | Reached XP level 1. HP: 15/15 MP: 1/1
   167 | D:1      | Reached XP level 2. HP: 20/20 MP: 2/2
   328 | D:1      | Reached XP level 3. HP: 26/26 MP: 3/3
   939 | D:2      | Reached skill level 4 in Armour
   939 | D:2      | Reached XP level 4. HP: 20/31 MP: 4/4
  1353 | D:2      | Found a sacrificial altar of Ru.
  1874 | D:3      | Noticed Sagrath01's ghost (weakling DsGl)
  1892 | D:3      | Killed Sagrath01's ghost
  1892 | D:3      | Reached skill level 1 in Dodging
  1892 | D:3      | Reached XP level 5. HP: 8/36 MP: 5/5
  2643 | D:3      | Noticed Terence
  2651 | D:3      | Killed Terence
  2874 | D:4      | Reached XP level 6. HP: 39/42 MP: 6/6
  2929 | D:4      | Found a radiant altar of Vehumet.
  3106 | D:4      | Found a shattered altar of Ashenzari.
  3214 | D:4      | Noticed an ogre
  3218 | D:4      | Noticed a water moccasin
  3226 | D:4      | Killed an ogre
  3230 | D:4      | Reached XP level 7. HP: 33/47 MP: 7/7
  3257 | D:4      | Killed a water moccasin
  3257 | D:4      | Reached skill level 5 in Shields
  3645 | D:4      | Reached skill level 1 in Short Blades
  3667 | D:4      | Found a stormy altar of Qazlal.
  3667 | D:4      | Found a basalt altar of Yredelemnul.
  3668 | D:4      | Found an ancient bone altar of Kikubaaqudgha.
  3674 | D:4      | Became a worshipper of Qazlal Stormbringer
  3782 | D:4      | Noticed an ogre
  3799 | D:4      | Killed an ogre
  3987 | D:5      | Entered Level 5 of the Dungeon
  4020 | D:5      | Reached skill level 1 in Throwing
  4316 | D:5      | Reached skill level 5 in Armour
  4316 | D:5      | Reached XP level 8. HP: 33/54 MP: 8/8
  4360 | D:5      | Found a sparkling altar of Nemelex Xobeh.
  4498 | D:5      | Learned a level 1 spell: Apportation
  5147 | D:5      | Reached skill level 1 in Stealth
  5147 | D:5      | Reached skill level 6 in Shields
  5253 | D:6      | Reached skill level 1 in Spellcasting
  5253 | D:6      | Reached skill level 1 in Translocations
  5323 | D:6      | Gained mutation: Potions and wands are less effective at restoring your health. [mutagenic glow]
  5351 | D:6      | Acquired Qazlal's first power
  5414 | D:6      | Reached XP level 9. HP: 59/59 MP: 11/11
  5611 | D:6      | Noticed Eustachio
  5640 | D:6      | Killed Eustachio
  5788 | D:6      | Noticed Menkaure
  5806 | D:6      | Reached skill level 1 in Evocations
  5985 | D:6      | Killed Menkaure
  6025 | D:6      | Reached skill level 5 in Dodging
  6030 | D:6      | Reached skill level 5 in Fighting
  6245 | D:7      | Found a large runed door.
  6245 | D:7      | Found a large runed door.
  6261 | D:7      | Found a large runed door.
  6261 | D:7      | Found a large runed door.
  6316 | D:7      | Noticed Melk's ghost (experienced KoBe)
  6360 | D:7      | Killed Melk's ghost
  6360 | D:7      | Reached skill level 5 in Short Blades
  6360 | D:7      | Reached skill level 7 in Shields
  6692 | D:7      | Reached XP level 10. HP: 57/66 MP: 12/12
  6707 | D:7      | Found a staircase to the Ecumenical Temple.
  6766 | D:7      | Found a sparkling altar of Nemelex Xobeh.
  7270 | D:7      | Reached skill level 8 in Shields
  7586 | D:8      | Reached skill level 9 in Shields
  7840 | D:8      | Found a snail-covered altar of Cheibriados.
  7889 | D:8      | Acquired Qazlal's second power
  7978 | D:8      | Found a sand-covered staircase.
  8005 | Ossuary  | Entered an ossuary
  8399 | Ossuary  | Acquired Qazlal's third power
  8589 | D:8      | Noticed Erica
  9204 | D:8      | Found a staircase to the Lair.
  9373 | D:8      | Killed Erica
  9373 | D:8      | Reached XP level 11. HP: 58/72 MP: 13/13
  9645 | D:9      | Noticed an obsidian statue
  9645 | D:9      | Noticed Psyche
  9704 | D:9      | Killed Psyche
  9954 | D:9      | Reached skill level 10 in Shields
 10090 | D:9      | Noticed Prince Ribbit
 10201 | D:9      | Got a warped robe
 10289 | D:9      | Noticed an ice statue
 10711 | D:9      | Killed Prince Ribbit
 10740 | D:10     | Entered Level 10 of the Dungeon
 11006 | D:10     | Lost mutation: Potions and wands are less effective at restoring your health. [potion of cure mutation]
 11290 | D:10     | Acquired Qazlal's fourth power
 11305 | D:10     | Noticed Zigma's ghost (experienced DrMo)
 12885 | D:11     | Found Yntus's Antique Armour Boutique.
 13231 | D:11     | Reached skill level 11 in Shields
 13585 | D:11     | Gained mutation: Your natural rate of healing is unusually fast. [mutagenic glow]
 13861 | D:11     | Reached XP level 12. HP: 78/81 MP: 15/15
 13930 | D:12     | Noticed a hill giant
 14001 | D:11     | Killed a hill giant
 14017 | D:12     | Found a staircase to the Orcish Mines.
 14018 | D:12     | Noticed a hill giant
 14040 | D:11     | Killed a hill giant
 14325 | D:12     | Acquired Qazlal's fifth power
 14386 | D:12     | Reached skill level 12 in Shields
 14439 | D:12     | Noticed a cyclops
 14476 | D:12     | Killed a cyclops
 14550 | D:12     | Reached skill level 10 in Short Blades
 14802 | D:12     | Found a shimmering altar of Xom.
 15842 | D:10     | Killed Zigma's ghost
 16050 | Orc:1    | Entered Level 1 of the Orcish Mines
 16483 | Orc:3    | Noticed Maurice
 16503 | Orc:3    | Killed Maurice
 16684 | Orc:3    | Noticed an orc warlord
 16744 | Orc:3    | Killed an orc warlord
 16744 | Orc:3    | Reached XP level 13. HP: 71/87 MP: 16/16
 17203 | Orc:3    | Reached skill level 13 in Shields
 17265 | Orc:3    | Noticed Erolcha
 17307 | Orc:3    | Paralysed by something for 4 turns
 17315 | Orc:3    | Killed Erolcha
 17469 | Orc:3    | Noticed a stone giant
 17512 | Orc:3    | Killed a stone giant
 17793 | Orc:3    | Found a staircase to the Elven Halls.
 18137 | Orc:4    | Entered Level 4 of the Orcish Mines
 18517 | Orc:4    | Found a labyrinth entrance.
 18529 | Lab      | Entered a labyrinth
 18552 | Lab      | Noticed Banto's ghost (powerful DsGl)
 18718 | Lab      | Killed Banto's ghost
 19531 | Lab      | Learned a level 2 spell: Blink
 19932 | Lab      | Noticed a minotaur
 20020 | Lab      | Killed a minotaur
 20027 | Lab      | Got a warped plate armour
 20086 | Lab      | Got a wavering steel ring
 20092 | Lab      | Got a fine leather armour
 20104 | Lab      | Identified the +8 plate armour "Nilo" {rCorr Str+3 Int+2} (You took it off a minotaur in a labyrinth)
 20153 | Orc:4    | Found a burning altar of Makhleb.
 20171 | Orc:4    | Identified a +2 rod of the swarm (10/10) (You took it off a minotaur in a labyrinth)
 20423 | Orc:4    | Reached skill level 14 in Shields
 20725 | Orc:4    | Found Tuch's Jewellery Shoppe.
 20725 | Orc:4    | Found Mousueto's Food Shop.
 20727 | Orc:4    | Found Pyric's Antique Armour Boutique.
 20729 | Orc:4    | Found Woxey's Armour Emporium.
 20916 | Elf:1    | Entered Level 1 of the Elven Halls
 20926 | Elf:1    | Noticed a deep elf death mage
 20941 | Elf:1    | Noticed a deep elf death mage
 20952 | Elf:1    | Killed a deep elf death mage
 20981 | Elf:1    | Killed a deep elf death mage
 21015 | Elf:1    | Killed a ghostly deep elf death mage
 21015 | Elf:1    | Reached XP level 14. HP: 60/95 MP: 18/18
 21041 | Elf:1    | Killed a ghostly deep elf death mage
 21394 | Elf:1    | Got a pair of heavily runed boots
 21821 | Elf:1    | Noticed a deep elf annihilator
 21973 | Elf:1    | Killed from afar by a deep elf annihilator

Vault maps used:
D:1:      roderic_dead_forest, nrook_loot_triangle
D:2:      serial_park_tiny_2, minmay_stone_trees_small,
          nicolae_ru_sacrificial_ziggurat
D:3:      first_bread, uniq_terence
D:4:      evilmike_ruin_ashenzari, gammafunk_temple_overflow_claw,
          vehumet_altar_wand_db
D:5:      minmay_misc_feat_room, nemelex_xobeh_ov_fountains_minmay
D:6:      minivault_5, kennysheep_nondescript, uniq_eustachio, uniq_menkaure
D:7:      nicolae_whirlpool, kennysheep_mini, minmay_temple_entry_overgrown,
          minmay_hollow_rounded_squares
D:8:      cheibriados_altar_1, lair_0_dummy, enter_ossuary_4,
          minmay_misc_feat_cross, uniq_erica
D:9:      minmay_separated_statues, serial_column_ruins,
          column_ruins_circle_small, column_ruins_open_small,
          column_ruins_corridor_plus, column_ruins_corridor_straight,
          column_ruins_open_medium_water, column_ruins_columns_dead_end,
          column_ruins_open_tiny, column_ruins_corridor_straight,
          uniq_prince_ribbit1, uniq_psyche
D:11:     serial_shops, kennysheep_little_box, grunt_tengu_nest,
          grunt_ministairs_5
D:12:     orc_0_dummy, basic_altar
Orc:2:    mines1_david, uniq_josephine
Orc:3:    lemuel_ogre_cave, nicolae_orc_pool_cavern, minmay_orc_barracks,
          uniq_maurice
Orc:4:    st_orc_rangers, lab_entry_generic, basic_altar, mines2_lemuel
Elf:1:    elf_arrival_002, minmay_elf_sorcery
Lab:      labyrinth_spiral, nicolae_lab_big_swirl, labyrinth_glass_1,
          nicolae_lab_dead_end, nicolae_lab_stuck, labyrinth_lava_lair,
          nicolae_lab_arrow
Ossuary:  ossuary_tomb_1

Action                   |  1- 3 |  4- 6 |  7- 9 | 10-12 | 13-15 || total
-------------------------+-------+-------+-------+-------+-------++-------
Melee: Long sword        |    65 |   140 |       |       |       ||   205
       Scimitar          |    31 |       |       |       |       ||    31
       Short sword       |       |    44 |   464 |  1966 |  1352 ||  3826
Throw: Stone             |     3 |    15 |    47 |    17 |       ||    82
       Tomahawk          |       |       |       |     1 |     3 ||     4
 Cast: Blink             |       |       |       |       |     7 ||     7
Invok: Upheaval          |       |       |       |     5 |     3 ||     8
 Abil: Evoke Teleportati |       |       |       |     1 |       ||     1
Evoke: Wand              |       |     1 |     5 |    11 |     3 ||    20
       Disc of storms    |       |       |       |     2 |       ||     2
       Rod               |       |       |       |       |     1 ||     1
       Stone of tremors  |       |       |       |       |     1 ||     1
  Use: Scroll            |     4 |     6 |     9 |    14 |     1 ||    34
       Potion            |       |     3 |     3 |    17 |     3 ||    26
  Eat: Chunk             |       |     7 |    13 |    19 |    12 ||    51
       Pizza             |       |       |     1 |     2 |       ||     3
       Beef jerky        |       |       |       |     1 |       ||     1
       Meat ration       |       |       |       |     2 |       ||     2
       Fruit             |       |       |       |     1 |     2 ||     3
       Royal jelly       |       |       |       |     1 |       ||     1
       Bread ration      |       |       |       |       |     1 ||     1
